Connexion

ST. LOUIS Blues vs ANAHEIM Ducks

Created - 27 septembre 2023 at 05:58

Goals
1 2 3 T
ST. LOUIS Blues 1 1 0 2
ANAHEIM Ducks 0 1 0 1
Shots
1 2 3 T
ST. LOUIS Blues 8 13 7 28
ANAHEIM Ducks 8 8 9 25

GoalsPenalties
1st period
1. ST. LOUIS Blues , Jesper Bratt 12 (Phillip Danault 13) at 4:11
No Penalty
2nd period
2. ANAHEIM Ducks , Justin Holl 6 (Andrew Mangiapane 14, Evan Rodrigues 12) at 1:05
3. ST. LOUIS Blues , Dominic Kubalik 3 (Jeremy Lauzon 4, Dylan Larkin 17) at 3:37
Colton Sissons (ANA) for Tripping (Minor) at 3:38
3rd period
No Goal
Phil Di Giuseppe (ANA) for Tripping (Minor) at 7:44
Brayden McNabb (STL) for Hooking (Minor) at 7:44
Goalie Stats
Mackenzie Blackwood (STL), 24 saves from 25 shots - (0,960), W, 12-5-1, 60:00 minutes
Kaapo Kahkonen (ANA), 26 saves from 28 shots - (0,929), L, 1-3-0, 59:45 minutes
3 StarsOfficial
1 - Jesper Bratt (STL)
2 - Mackenzie Blackwood (STL)
3 - Justin Holl (ANA)
Referees : Brad Meier and Kevin Pollock
Linesman : Mark Wheler and Jean Morin
Game Note
No Game Note
Finance
Level 1 -- Attendance: 3972 (66,20%) -- Ticket Income 703 044 $
Level 2 -- Attendance: 4174 (100,00%) -- Ticket Income 354 790 $
Level 3 -- Attendance: 1288 (64,40%) -- Ticket Income 90 160 $
Level 4 -- Attendance: 2195 (54,88%) -- Ticket Income 114 140 $
Luxury Box -- Attendance: 239 (23,90%) -- Ticket Income 215 100 $
Game was played at the Honda Center.
Total Attendance: 11868 (69,10%)
Total Ticket Income: 1 477 234 $
Other Income: 295 447 $
Total Income: 1 772 681 $



Team Name Goals Shots Shots Attemp Shots Blocked PIM HIT PP PK FO%
ST. LOUIS Blues 2284882210 / 1 (0%)057%
ANAHEIM Ducks 1255464200 / 0 (0,00%043%

ST. LOUIS Blues
Player Name POS G A P +/- PIM HIT SHT SB MP PP MP PP SHT PK MP PK SHT FO% FOT
Brayden McNabbD000-1210119:540:4000:0000% 0
Chris TierneyC000000004:390:0000:00083% 6
Craig SmithC/RW0000000014:560:0000:00061% 18
David PerronC/LW/RW0001032019:531:0300:0000% 1
Dominic KubalikLW1010025018:560:5600:00050% 2
Dylan LarkinC/LW0110003018:560:5600:00056% 18
Jaden SchwartzLW0000002014:530:0000:0000% 0
Jake LeschyshynC000000000:390:0000:000100% 1
James NealLW/RW0000042018:330:5600:0000% 0
Jeremy LauzonD0111000114:550:0000:0000% 0
Jesper BrattLW/RW1011025125:321:0300:00045% 11
Jonas BrodinD0001020124:361:1900:0000% 0
Justin SchultzD0001013224:361:1910:0000% 0
Luke SchennD000-1030020:290:4000:0000% 0
Marcus FolignoLW000001004:420:0000:0000% 0
Matthew HighmoreC/LW/RW0000004014:530:0000:0000% 0
Phillip DanaultC0111022121:291:0300:00055% 22
Zach WhitecloudD0001000115:290:0000:0000% 0
ANAHEIM Ducks
Player Name POS G A P +/- PIM HIT SHT SB MP PP MP PP SHT PK MP PK SHT FO% FOT
Alexis LafreniereLW0000022020:450:0000:0000% 2
Andrew MangiapaneLW011-1012115:250:0000:000100% 3
Caleb JonesD0000000122:500:0000:5000% 0
Colton SissonsC/LW/RW0000213011:380:0000:00024% 17
Dakota JoshuaC0000035011:020:0000:50064% 11
Daniel SprongLW/RW0000000012:010:0000:2200% 0
David SavardD0000010122:500:0000:5000% 0
Dylan DemeloD0000001016:120:0000:0000% 0
Elias LindholmC/RW0000011020:450:0000:00050% 20
Evan RodriguesC/LW/RW011-1002116:020:0000:00047% 17
Gustav ForslingD000-1001020:580:0001:0900% 0
Jordan OesterleD0000003116:120:0000:0000% 0
Justin HollD101-1061120:580:0001:0900% 0
Kiefer SherwoodC/LW/RW000-1030015:470:0000:2200% 1
Lars EllerC/LW0000001010:390:0001:3700% 1
Phil Di GiuseppeLW/RW0000210010:490:0000:0000% 1
Sam KurkerRW0000000010:590:0000:47025% 4
Sonny MilanoLW/RW0000013020:080:0000:00050% 2



Play-by-Play

1st period


0:01 of 1st period - Phillip Danault wins face-off versus Elias Lindholm in neutral zone.
0:04 of 1st period - David Savard is hit by David Perron.
0:18 of 1st period - Shot by Elias Lindholm.
0:18 of 1st period - Shot Blocked by Justin Schultz.
0:20 of 1st period - Shot by Elias Lindholm.
0:20 of 1st period - Shot Misses the Net.
0:22 of 1st period - Shot by Elias Lindholm.
0:22 of 1st period - Stopped by Mackenzie Blackwood without a rebound.
0:23 of 1st period - Dylan Larkin wins face-off versus Kiefer Sherwood in ST. LOUIS Blues zone.
0:28 of 1st period - Shot by James Neal.
0:28 of 1st period - Stopped by Kaapo Kahkonen without a rebound.
0:29 of 1st period - Craig Smith wins face-off versus Colton Sissons in ANAHEIM Ducks zone.
1:34 of 1st period - Andrew Mangiapane is hit by James Neal and loses puck.
1:46 of 1st period - Off-side.
1:47 of 1st period - Elias Lindholm wins face-off versus Phillip Danault in neutral zone.
2:12 of 1st period - Shot by Sonny Milano.
2:12 of 1st period - Stopped by Mackenzie Blackwood with a rebound.
2:38 of 1st period - Icing by David Savard.
2:39 of 1st period - Dylan Larkin wins face-off versus Sonny Milano in ANAHEIM Ducks zone.
2:44 of 1st period - Shot by Dominic Kubalik.
2:44 of 1st period - Shot Misses the Net.
3:06 of 1st period - Brayden McNabb is hit by Sonny Milano and loses puck.
3:54 of 1st period - Dylan Larkin is hit by Justin Holl and loses puck.
4:02 of 1st period - Icing by Justin Holl.
4:03 of 1st period - Evan Rodrigues wins face-off versus Phillip Danault in ANAHEIM Ducks zone.
4:11 of 1st period - Shot by Jesper Bratt.
4:11 of 1st period - Goal by Jesper Bratt - ST. LOUIS Blues : 1 - ANAHEIM Ducks : 0.
4:12 of 1st period - Chris Tierney wins face-off versus Dakota Joshua in neutral zone.
4:12 of 1st period - Jesper Bratt is hit by Dakota Joshua and loses puck.
4:17 of 1st period - Jesper Bratt is hit by Dakota Joshua and loses puck.
4:30 of 1st period - Shot by Lars Eller.
4:30 of 1st period - Shot Blocked by Jesper Bratt.
4:35 of 1st period - Dakota Joshua is hit by Justin Schultz and loses puck.
4:44 of 1st period - Shot by Dakota Joshua.
4:44 of 1st period - Stopped by Mackenzie Blackwood with a rebound.
4:46 of 1st period - Shot by Sam Kurker.
4:46 of 1st period - Shot Misses the Net.
4:48 of 1st period - Shot by Dylan Demelo.
4:48 of 1st period - Stopped by Mackenzie Blackwood without a rebound.
4:49 of 1st period - Craig Smith wins face-off versus Colton Sissons in ST. LOUIS Blues zone.
4:58 of 1st period - Matthew Highmore is hit by Phil Di Giuseppe and loses puck.
5:14 of 1st period - Shot by Craig Smith.
5:14 of 1st period - Shot Hit the Post.
5:20 of 1st period - Shot by Matthew Highmore.
5:20 of 1st period - Stopped by Kaapo Kahkonen with a rebound.
6:12 of 1st period - Shot by Phillip Danault.
6:12 of 1st period - Shot Blocked by Evan Rodrigues.
6:21 of 1st period - Jesper Bratt is hit by David Savard and loses puck.
6:25 of 1st period - Icing by Caleb Jones.
6:26 of 1st period - Andrew Mangiapane wins face-off versus Dylan Larkin in ANAHEIM Ducks zone.
6:43 of 1st period - Shot by Dominic Kubalik.
6:43 of 1st period - Stopped by Kaapo Kahkonen with a rebound.
7:36 of 1st period - Shot by Sonny Milano.
7:36 of 1st period - Deflect By Alexis Lafreniere.
7:36 of 1st period - Stopped by Mackenzie Blackwood without a rebound.
7:37 of 1st period - Phillip Danault wins face-off versus Dakota Joshua in ST. LOUIS Blues zone.
7:37 of 1st period - Phillip Danault is hit by Dakota Joshua.
7:57 of 1st period - Shot by Jordan Oesterle.
7:57 of 1st period - Shot Misses the Net.
8:01 of 1st period - Shot by Jordan Oesterle.
8:01 of 1st period - Stopped by Mackenzie Blackwood with a rebound.
8:03 of 1st period - Shot by Jordan Oesterle.
8:03 of 1st period - Shot Misses the Net.
9:04 of 1st period - Shot by Gustav Forsling.
9:04 of 1st period - Shot Misses the Net.
9:27 of 1st period - Off-side.
9:28 of 1st period - Dylan Larkin wins face-off versus Elias Lindholm in neutral zone.
10:10 of 1st period - Shot by Alexis Lafreniere.
10:10 of 1st period - Shot Misses the Net.
11:34 of 1st period - Icing by Dylan Demelo.
11:35 of 1st period - Chris Tierney wins face-off versus Evan Rodrigues in ANAHEIM Ducks zone.
11:39 of 1st period - Icing by Jordan Oesterle.
11:40 of 1st period - Evan Rodrigues wins face-off versus Dominic Kubalik in ANAHEIM Ducks zone.
12:05 of 1st period - Shot by Dylan Larkin.
12:05 of 1st period - Deflect By James Neal.
12:05 of 1st period - Stopped by Kaapo Kahkonen with a rebound.
12:25 of 1st period - Shot by Dakota Joshua.
12:25 of 1st period - Stopped by Mackenzie Blackwood without a rebound.
12:26 of 1st period - Elias Lindholm wins face-off versus Phillip Danault in ST. LOUIS Blues zone.
12:39 of 1st period - Elias Lindholm is hit by Phillip Danault.
13:04 of 1st period - Icing by Caleb Jones.
13:05 of 1st period - Elias Lindholm wins face-off versus Craig Smith in ANAHEIM Ducks zone.
13:09 of 1st period - Off-side.
13:10 of 1st period - Craig Smith wins face-off versus Evan Rodrigues in neutral zone.
13:13 of 1st period - Shot by Matthew Highmore.
13:13 of 1st period - Stopped by Kaapo Kahkonen with a rebound.
14:23 of 1st period - Shot by Elias Lindholm.
14:23 of 1st period - Shot Blocked by Jonas Brodin.
14:25 of 1st period - Shot by Alexis Lafreniere.
14:25 of 1st period - Stopped by Mackenzie Blackwood without a rebound.
14:26 of 1st period - Dakota Joshua wins face-off versus Phillip Danault in ST. LOUIS Blues zone.
14:47 of 1st period - Shot by Jesper Bratt.
14:47 of 1st period - Shot Misses the Net.
14:49 of 1st period - Shot by Luke Schenn.
14:49 of 1st period - Shot Blocked by Jordan Oesterle.
14:54 of 1st period - Icing by Jordan Oesterle.
14:55 of 1st period - Dylan Larkin wins face-off versus Lars Eller in ANAHEIM Ducks zone.
15:35 of 1st period - Off-side.
15:36 of 1st period - Sonny Milano wins face-off versus Jesper Bratt in neutral zone.
15:39 of 1st period - Jesper Bratt is hit by Alexis Lafreniere and loses puck.
15:52 of 1st period - Shot by David Perron.
15:52 of 1st period - Shot Misses the Net.
16:14 of 1st period - Shot by Phillip Danault.
16:14 of 1st period - Stopped by Kaapo Kahkonen with a rebound.
16:32 of 1st period - Kiefer Sherwood is hit by Luke Schenn and loses puck.
16:39 of 1st period - David Perron is hit by Kiefer Sherwood and loses puck.
17:17 of 1st period - Gustav Forsling is hit by David Perron and loses puck.
17:48 of 1st period - Shot by Daniel Sprong.
17:48 of 1st period - Shot Misses the Net.
18:38 of 1st period - Icing by Alexis Lafreniere.
18:39 of 1st period - Elias Lindholm wins face-off versus Craig Smith in ANAHEIM Ducks zone.
18:50 of 1st period - Shot by Jaden Schwartz.
18:50 of 1st period - Stopped by Kaapo Kahkonen without a rebound.
18:51 of 1st period - Craig Smith wins face-off versus Dakota Joshua in ANAHEIM Ducks zone.
19:03 of 1st period - Jaden Schwartz is hit by Justin Holl and loses puck.
19:07 of 1st period - Craig Smith is hit by Justin Holl and loses puck.
Goals for this period are 1 for ST. LOUIS Blues vs 0 for ANAHEIM Ducks .
Shots for this period are 8 for ST. LOUIS Blues vs 8 for ANAHEIM Ducks .

2nd period


0:01 of 2nd period - Phillip Danault wins face-off versus Elias Lindholm in neutral zone.
0:09 of 2nd period - David Savard is hit by Jesper Bratt and loses puck.
0:36 of 2nd period - Elias Lindholm is hit by Phillip Danault and loses puck.
1:01 of 2nd period - Shot by Evan Rodrigues.
1:01 of 2nd period - Shot Misses the Net.
1:03 of 2nd period - Shot by Andrew Mangiapane.
1:03 of 2nd period - Shot Misses the Net.
1:05 of 2nd period - Shot by Justin Holl.
1:05 of 2nd period - Goal by Justin Holl - ST. LOUIS Blues : 1 - ANAHEIM Ducks : 1.
1:06 of 2nd period - Colton Sissons wins face-off versus Craig Smith in neutral zone.
1:25 of 2nd period - Shot by Colton Sissons.
1:25 of 2nd period - Stopped by Mackenzie Blackwood without a rebound.
1:26 of 2nd period - Dylan Larkin wins face-off versus Evan Rodrigues in ST. LOUIS Blues zone.
1:33 of 2nd period - Andrew Mangiapane is hit by Dominic Kubalik and loses puck.
1:40 of 2nd period - Shot by Dylan Larkin.
1:40 of 2nd period - Stopped by Kaapo Kahkonen without a rebound.
1:41 of 2nd period - Elias Lindholm wins face-off versus Craig Smith in ANAHEIM Ducks zone.
3:37 of 2nd period - Shot by Dominic Kubalik.
3:37 of 2nd period - Goal by Dominic Kubalik - ST. LOUIS Blues : 2 - ANAHEIM Ducks : 1.
3:38 of 2nd period - Craig Smith wins face-off versus Phil Di Giuseppe in neutral zone.
3:38 of 2nd period - Minor Penalty to Colton Sissons for Tripping.
3:39 of 2nd period - Sam Kurker wins face-off versus Dylan Larkin in ANAHEIM Ducks zone.
4:08 of 2nd period - Shot by Justin Schultz.
4:08 of 2nd period - Stopped by Kaapo Kahkonen without a rebound.
4:09 of 2nd period - Phillip Danault wins face-off versus Sam Kurker in ANAHEIM Ducks zone.
4:17 of 2nd period - Icing by Jesper Bratt.
4:18 of 2nd period - Jesper Bratt wins face-off versus Sam Kurker in ST. LOUIS Blues zone.
4:22 of 2nd period - Off-side.
4:23 of 2nd period - Phillip Danault wins face-off versus Sam Kurker in neutral zone.
4:28 of 2nd period - Sam Kurker is hit by David Perron and loses puck.
5:44 of 2nd period - Shot by Jaden Schwartz.
5:44 of 2nd period - Shot Misses the Net.
6:51 of 2nd period - Dominic Kubalik is hit by Justin Holl and loses puck.
7:06 of 2nd period - Shot by Dominic Kubalik.
7:06 of 2nd period - Shot Misses the Net.
7:40 of 2nd period - Shot by Jesper Bratt.
7:40 of 2nd period - Stopped by Kaapo Kahkonen without a rebound.
7:41 of 2nd period - Dakota Joshua wins face-off versus Chris Tierney in ANAHEIM Ducks zone.
8:42 of 2nd period - Shot by Elias Lindholm.
8:42 of 2nd period - Shot Blocked by Zach Whitecloud.
8:44 of 2nd period - Shot by Alexis Lafreniere.
8:44 of 2nd period - Shot Misses the Net.
8:50 of 2nd period - Shot by Sonny Milano.
8:50 of 2nd period - Stopped by Mackenzie Blackwood without a rebound.
8:51 of 2nd period - Evan Rodrigues wins face-off versus Dylan Larkin in ST. LOUIS Blues zone.
9:10 of 2nd period - Shot by Dominic Kubalik.
9:10 of 2nd period - Stopped by Kaapo Kahkonen without a rebound.
9:11 of 2nd period - Craig Smith wins face-off versus Colton Sissons in ANAHEIM Ducks zone.
9:36 of 2nd period - Shot by Jaden Schwartz.
9:36 of 2nd period - Shot Misses the Net.
9:38 of 2nd period - Shot by Jaden Schwartz.
9:38 of 2nd period - Shot Hit the Post.
9:40 of 2nd period - Shot by Matthew Highmore.
9:40 of 2nd period - Shot Misses the Net.
10:04 of 2nd period - Justin Schultz is hit by Colton Sissons.
10:18 of 2nd period - Shot by Dominic Kubalik.
10:18 of 2nd period - Stopped by Kaapo Kahkonen without a rebound.
10:19 of 2nd period - Elias Lindholm wins face-off versus Phillip Danault in ANAHEIM Ducks zone.
10:32 of 2nd period - Shot by Elias Lindholm.
10:32 of 2nd period - Shot Blocked by Jeremy Lauzon.
10:38 of 2nd period - Shot by Elias Lindholm.
10:38 of 2nd period - Shot Misses the Net.
10:50 of 2nd period - Shot by Sonny Milano.
10:50 of 2nd period - Stopped by Mackenzie Blackwood without a rebound.
10:51 of 2nd period - Evan Rodrigues wins face-off versus Dylan Larkin in ST. LOUIS Blues zone.
10:59 of 2nd period - Kiefer Sherwood is hit by Jonas Brodin and loses puck.
11:02 of 2nd period - Shot by Evan Rodrigues.
11:02 of 2nd period - Stopped by Mackenzie Blackwood without a rebound.
11:03 of 2nd period - Dakota Joshua wins face-off versus Craig Smith in ST. LOUIS Blues zone.
11:03 of 2nd period - Dakota Joshua is hit by Jonas Brodin.
11:13 of 2nd period - Shot by Lars Eller.
11:13 of 2nd period - Stopped by Mackenzie Blackwood without a rebound.
11:14 of 2nd period - Andrew Mangiapane wins face-off versus Dylan Larkin in ST. LOUIS Blues zone.
11:39 of 2nd period - Shot by Justin Schultz.
11:39 of 2nd period - Stopped by Kaapo Kahkonen without a rebound.
11:40 of 2nd period - Phillip Danault wins face-off versus Elias Lindholm in ANAHEIM Ducks zone.
11:46 of 2nd period - Icing by Sonny Milano.
11:47 of 2nd period - Elias Lindholm wins face-off versus Phillip Danault in ANAHEIM Ducks zone.
13:34 of 2nd period - Shot by Kiefer Sherwood.
13:34 of 2nd period - Shot Misses the Net.
14:07 of 2nd period - Icing by Jordan Oesterle.
14:08 of 2nd period - Dylan Larkin wins face-off versus Colton Sissons in ANAHEIM Ducks zone.
14:30 of 2nd period - Off-side.
14:31 of 2nd period - Dakota Joshua wins face-off versus Craig Smith in neutral zone.
15:03 of 2nd period - Off-side.
15:04 of 2nd period - Elias Lindholm wins face-off versus Dylan Larkin in neutral zone.
15:14 of 2nd period - Icing by Justin Schultz.
15:15 of 2nd period - Dylan Larkin wins face-off versus Evan Rodrigues in ST. LOUIS Blues zone.
15:26 of 2nd period - Shot by Dominic Kubalik.
15:26 of 2nd period - Stopped by Kaapo Kahkonen with a rebound.
15:28 of 2nd period - Shot by Dylan Larkin.
15:28 of 2nd period - Deflect By James Neal.
15:28 of 2nd period - Shot Blocked by David Savard.
15:30 of 2nd period - Shot by Dominic Kubalik.
15:30 of 2nd period - Deflect By James Neal.
15:30 of 2nd period - Shot Misses the Net.
16:00 of 2nd period - Justin Schultz is hit by Andrew Mangiapane and loses puck.
16:04 of 2nd period - Icing by Justin Schultz.
16:05 of 2nd period - Dylan Larkin wins face-off versus Elias Lindholm in ST. LOUIS Blues zone.
16:52 of 2nd period - Shot by Jeremy Lauzon.
16:52 of 2nd period - Shot Blocked by Justin Holl.
16:58 of 2nd period - Matthew Highmore is hit by Alexis Lafreniere and loses puck.
17:17 of 2nd period - Shot by Colton Sissons.
17:17 of 2nd period - Stopped by Mackenzie Blackwood without a rebound.
17:18 of 2nd period - Phillip Danault wins face-off versus Evan Rodrigues in ST. LOUIS Blues zone.
17:32 of 2nd period - Shot by David Perron.
17:32 of 2nd period - Stopped by Kaapo Kahkonen without a rebound.
17:33 of 2nd period - Chris Tierney wins face-off versus Colton Sissons in ANAHEIM Ducks zone.
17:50 of 2nd period - Shot by Jesper Bratt.
17:50 of 2nd period - Stopped by Kaapo Kahkonen without a rebound.
17:51 of 2nd period - Craig Smith wins face-off versus Evan Rodrigues in ANAHEIM Ducks zone.
17:56 of 2nd period - Shot by Matthew Highmore.
17:56 of 2nd period - Shot Blocked by Caleb Jones.
17:58 of 2nd period - Shot by Matthew Highmore.
17:58 of 2nd period - Stopped by Kaapo Kahkonen without a rebound.
17:59 of 2nd period - Phillip Danault wins face-off versus Alexis Lafreniere in ANAHEIM Ducks zone.
18:26 of 2nd period - Icing by Caleb Jones.
18:27 of 2nd period - Dylan Larkin wins face-off versus Elias Lindholm in ANAHEIM Ducks zone.
19:07 of 2nd period - Shot by Evan Rodrigues.
19:07 of 2nd period - Shot Misses the Net.
19:09 of 2nd period - Shot by Evan Rodrigues.
19:09 of 2nd period - Stopped by Mackenzie Blackwood without a rebound.
19:10 of 2nd period - Colton Sissons wins face-off versus Phillip Danault in ST. LOUIS Blues zone.
19:11 of 2nd period - Shot by Daniel Sprong.
19:11 of 2nd period - Shot Misses the Net.
19:39 of 2nd period - Shot by Jesper Bratt.
19:39 of 2nd period - Stopped by Kaapo Kahkonen with a rebound.
19:41 of 2nd period - Shot by David Perron.
19:41 of 2nd period - Stopped by Kaapo Kahkonen without a rebound.
19:42 of 2nd period - Craig Smith wins face-off versus Evan Rodrigues in ANAHEIM Ducks zone.
19:42 of 2nd period - Jaden Schwartz is hit by Justin Holl and loses puck.
19:49 of 2nd period - Shot by Andrew Mangiapane.
19:49 of 2nd period - Shot Misses the Net.
Goals for this period are 1 for ST. LOUIS Blues vs 1 for ANAHEIM Ducks .
Shots for this period are 13 for ST. LOUIS Blues vs 8 for ANAHEIM Ducks .

3rd period


0:01 of 3rd period - Evan Rodrigues wins face-off versus Jesper Bratt in neutral zone.
0:13 of 3rd period - Icing by Phillip Danault.
0:14 of 3rd period - Elias Lindholm wins face-off versus Phillip Danault in ST. LOUIS Blues zone.
1:20 of 3rd period - Off-side.
1:21 of 3rd period - Dakota Joshua wins face-off versus Dylan Larkin in neutral zone.
2:17 of 3rd period - Jordan Oesterle is hit by James Neal and loses puck.
2:23 of 3rd period - Dylan Demelo is hit by Luke Schenn.
2:43 of 3rd period - Shot by Matthew Highmore.
2:43 of 3rd period - Stopped by Kaapo Kahkonen without a rebound.
2:44 of 3rd period - Craig Smith wins face-off versus Elias Lindholm in ANAHEIM Ducks zone.
3:58 of 3rd period - Shot by Justin Schultz.
3:58 of 3rd period - Stopped by Kaapo Kahkonen without a rebound.
3:59 of 3rd period - Evan Rodrigues wins face-off versus Jesper Bratt in ANAHEIM Ducks zone.
3:59 of 3rd period - Evan Rodrigues is hit by Marcus Foligno.
4:05 of 3rd period - Icing by Andrew Mangiapane.
4:06 of 3rd period - Chris Tierney wins face-off versus Evan Rodrigues in ANAHEIM Ducks zone.
4:23 of 3rd period - Shot by Kiefer Sherwood.
4:23 of 3rd period - Shot Blocked by Brayden McNabb.
4:25 of 3rd period - Shot by Evan Rodrigues.
4:25 of 3rd period - Deflect By Andrew Mangiapane.
4:25 of 3rd period - Shot Misses the Net.
4:32 of 3rd period - Kiefer Sherwood is hit by Brayden McNabb and loses puck.
4:36 of 3rd period - Kiefer Sherwood is hit by Luke Schenn and loses puck.
5:09 of 3rd period - Shot by Colton Sissons.
5:09 of 3rd period - Shot Misses the Net.
5:22 of 3rd period - Dylan Demelo is hit by James Neal and loses puck.
5:50 of 3rd period - Jonas Brodin is hit by Justin Holl and loses puck.
6:16 of 3rd period - Shot by Lars Eller.
6:16 of 3rd period - Shot Misses the Net.
6:18 of 3rd period - Shot by Gustav Forsling.
6:18 of 3rd period - Shot Blocked by Justin Schultz.
7:14 of 3rd period - Off-side.
7:15 of 3rd period - Andrew Mangiapane wins face-off versus David Perron in neutral zone.
7:26 of 3rd period - Shot by Andrew Mangiapane.
7:26 of 3rd period - Stopped by Mackenzie Blackwood without a rebound.
7:27 of 3rd period - Chris Tierney wins face-off versus Colton Sissons in ST. LOUIS Blues zone.
7:44 of 3rd period - Minor Penalty to Phil Di Giuseppe for Tripping.
7:44 of 3rd period - Minor Penalty to Brayden McNabb for Hooking.
7:45 of 3rd period - Dakota Joshua wins face-off versus Jesper Bratt in ST. LOUIS Blues zone.
8:18 of 3rd period - Off-side.
8:19 of 3rd period - Dominic Kubalik wins face-off versus Colton Sissons in neutral zone.
8:24 of 3rd period - Jordan Oesterle is hit by Dominic Kubalik and loses puck.
8:41 of 3rd period - Shot by Dylan Larkin.
8:41 of 3rd period - Stopped by Kaapo Kahkonen without a rebound.
8:42 of 3rd period - Jake Leschyshyn wins face-off versus Dakota Joshua in ANAHEIM Ducks zone.
9:11 of 3rd period - Shot by Dakota Joshua.
9:11 of 3rd period - Stopped by Mackenzie Blackwood with a rebound.
9:13 of 3rd period - Shot by Justin Holl.
9:13 of 3rd period - Shot Blocked by Phillip Danault.
9:15 of 3rd period - Shot by Gustav Forsling.
9:15 of 3rd period - Shot Misses the Net.
9:17 of 3rd period - Shot by Dakota Joshua.
9:17 of 3rd period - Stopped by Mackenzie Blackwood without a rebound.
9:18 of 3rd period - Jesper Bratt wins face-off versus Colton Sissons in ST. LOUIS Blues zone.
9:22 of 3rd period - Icing by Luke Schenn.
9:23 of 3rd period - Colton Sissons wins face-off versus Jesper Bratt in ST. LOUIS Blues zone.
9:28 of 3rd period - Shot by Jordan Oesterle.
9:28 of 3rd period - Stopped by Mackenzie Blackwood without a rebound.
9:29 of 3rd period - Jesper Bratt wins face-off versus Colton Sissons in ST. LOUIS Blues zone.
9:38 of 3rd period - Shot by Jesper Bratt.
9:38 of 3rd period - Shot Misses the Net.
9:42 of 3rd period - Shot by Jesper Bratt.
9:42 of 3rd period - Shot Misses the Net.
9:44 of 3rd period - Shot by Jonas Brodin.
9:44 of 3rd period - Shot Blocked by Andrew Mangiapane.
9:50 of 3rd period - Dominic Kubalik is hit by Kiefer Sherwood and loses puck.
10:40 of 3rd period - Off-side.
10:41 of 3rd period - Jesper Bratt wins face-off versus Alexis Lafreniere in neutral zone.
10:58 of 3rd period - Shot by Phillip Danault.
10:58 of 3rd period - Stopped by Kaapo Kahkonen without a rebound.
10:59 of 3rd period - Craig Smith wins face-off versus Colton Sissons in ANAHEIM Ducks zone.
11:19 of 3rd period - Shot by Phil Di Giuseppe.
11:19 of 3rd period - Shot Misses the Net.
11:21 of 3rd period - Shot by Jordan Oesterle.
11:21 of 3rd period - Stopped by Mackenzie Blackwood with a rebound.
11:23 of 3rd period - Shot by Colton Sissons.
11:23 of 3rd period - Shot Misses the Net.
11:25 of 3rd period - Shot by Colton Sissons.
11:25 of 3rd period - Stopped by Mackenzie Blackwood without a rebound.
11:26 of 3rd period - Phillip Danault wins face-off versus Elias Lindholm in ST. LOUIS Blues zone.
11:28 of 3rd period - Icing by Justin Schultz.
11:29 of 3rd period - Phillip Danault wins face-off versus Elias Lindholm in ST. LOUIS Blues zone.
12:40 of 3rd period - Shot by Dominic Kubalik.
12:40 of 3rd period - Shot Hit the Post.
13:10 of 3rd period - Luke Schenn is hit by Elias Lindholm and loses puck.
13:52 of 3rd period - Off-side.
13:53 of 3rd period - Evan Rodrigues wins face-off versus Phillip Danault in neutral zone.
13:56 of 3rd period - David Perron is hit by Kiefer Sherwood and loses puck.
14:39 of 3rd period - Icing by Justin Schultz.
14:40 of 3rd period - Phillip Danault wins face-off versus Colton Sissons in ST. LOUIS Blues zone.
15:25 of 3rd period - Icing by Dylan Demelo.
15:26 of 3rd period - Craig Smith wins face-off versus Colton Sissons in ANAHEIM Ducks zone.
16:07 of 3rd period - Shot by Jaden Schwartz.
16:07 of 3rd period - Stopped by Kaapo Kahkonen without a rebound.
16:08 of 3rd period - Evan Rodrigues wins face-off versus Dylan Larkin in ANAHEIM Ducks zone.
16:08 of 3rd period - Gustav Forsling is hit by James Neal and loses puck.
16:29 of 3rd period - Shot by Andrew Mangiapane.
16:29 of 3rd period - Stopped by Mackenzie Blackwood without a rebound.
16:30 of 3rd period - Dakota Joshua wins face-off versus Jesper Bratt in ST. LOUIS Blues zone.
17:07 of 3rd period - Shot by Dakota Joshua.
17:07 of 3rd period - Stopped by Mackenzie Blackwood without a rebound.
17:08 of 3rd period - Dylan Larkin wins face-off versus Evan Rodrigues in ST. LOUIS Blues zone.
17:21 of 3rd period - Shot by Dylan Larkin.
17:21 of 3rd period - Stopped by Kaapo Kahkonen without a rebound.
17:22 of 3rd period - Elias Lindholm wins face-off versus Craig Smith in ANAHEIM Ducks zone.
18:23 of 3rd period - Shot by Gustav Forsling.
18:23 of 3rd period - Stopped by Mackenzie Blackwood without a rebound.
18:24 of 3rd period - Jesper Bratt wins face-off versus Colton Sissons in ST. LOUIS Blues zone.
18:29 of 3rd period - David Savard is hit by Jesper Bratt.
19:05 of 3rd period - Shot by Jesper Bratt.
19:05 of 3rd period - Stopped by Kaapo Kahkonen with a rebound.
19:17 of 3rd period - Icing by David Savard.
19:18 of 3rd period - Colton Sissons wins face-off versus Phillip Danault in ANAHEIM Ducks zone.
19:22 of 3rd period - Off-side.
19:23 of 3rd period - Phillip Danault wins face-off versus Elias Lindholm in neutral zone.
19:37 of 3rd period - Shot by Jesper Bratt.
19:37 of 3rd period - Shot Misses the Net.
19:45 of 3rd period - ANAHEIM Ducks , Kaapo Kahkonen is pulled from the net.
Goals for this period are 0 for ST. LOUIS Blues vs 0 for ANAHEIM Ducks .
Shots for this period are 7 for ST. LOUIS Blues vs 9 for ANAHEIM Ducks .